 Dungeon Crawl Stone Soup version 0.22-a0-422-g9628fc8 (webtiles) character file.

39081 MisterFreud the Fetichist (level 14, -1/90 HPs)
             Began as a Kobold Berserker on May 22, 2018.
             Was a High Priest of Trog.
             Slain by a yak (8 damage)
             ... on level 6 of the Lair of Beasts.
             The game lasted 00:41:25 (14653 turns).

MisterFreud the Fetichist (Kobold Berserker)       Turns: 14653, Time: 00:41:26

Health: -1/90      AC: 17    Str: 21    XL:     14   Next: 37%
Magic:  35/35      EV:  3    Int:  9    God:    Trog [*****.]
Gold:   347        SH:  0    Dex: 15    Spells: 13/13 levels left

rFire    . . .     SeeInvis .   R - +7 rapier (vamp)
rCold    . . .     Gourm    .   F - +0 buckler
rNeg     + + +     Faith    .   u - +2 robe {rN+}
rPois    ∞         Spirit   .   N - +1 hat
rElec    .         Reflect  .   q - +2 cloak
rCorr    .         Harm     .   A - +2 pair of gloves "Voosk" {+Inv MR- MP+9}
MR       .....                  (no boots)
Stlth    +++.......             g - amulet of regeneration
HPRegen  0.65/turn              C - +6 ring of protection
MPRegen  0.24/turn              n - +3 ring of strength

@: petrified
A: small, carnivore
a: Berserk, Trog's Hand, Brothers in Arms, Renounce Religion, Evoke Invisibility


You were on level 6 of the Lair of Beasts.
You worshipped Trog.
Trog was extremely pleased with you.
You were completely stuffed.

You visited 2 branches of the dungeon, and saw 15 of its levels.

You collected 675 gold pieces.
You spent 328 gold pieces at shops.

Inventory:

Hand Weapons
 a - the +7 rapier of Errar {drain, rF+}
   (You found it on level 6 of the Dungeon)

   A truly terrible weapon, it drains the life of those it strikes.
   It protects you from fire.
 b - a +0 hunting sling
 c - a +0 blowgun
 R - a +7 vampiric rapier (weapon)
Missiles
 f - 318 stones (quivered)
 h - 80 bolts
 k - 230 arrows
 l - 76 sling bullets
 o - 5 tomahawks
 w - 46 poisoned needles
 P - a throwing net
Armour
 q - a +2 cloak (worn)
 s - a +0 pair of gloves
 u - a +2 robe of positive energy (worn)
 A - the +2 pair of gloves "Voosk" (worn) {+Inv MR- MP+9}
   (You found it on level 1 of the Lair of Beasts)

   It affects your resistance to hostile enchantments.
   It affects your magic capacity (+9).
   It lets you turn invisible.
 F - a +0 buckler (worn)
 N - a +1 hat (worn)
Jewellery
 g - an amulet of regeneration (around neck)
 n - a +3 ring of strength (right hand)
 y - a +5 amulet of reflection
 C - a +6 ring of protection (left hand)
 K - an uncursed ring of protection from fire
Wands
 E - a wand of paralysis (32)
 H - a wand of clouds (6)
 I - a wand of flame (43)
 Q - a wand of acid (10)
 S - a wand of enslavement (11)
Scrolls
 d - 8 scrolls of remove curse
 r - 7 scrolls of teleportation
 z - a scroll of enchant armour
 B - 5 scrolls of blinking
 T - 2 scrolls of fear
 W - a scroll of summoning {unknown}
Potions
 e - a potion of invisibility
 i - 2 potions of cancellation
 j - 3 potions of curing
 m - 3 potions of might
 p - a potion of haste
 t - 2 potions of lignification
 v - 3 potions of degeneration
 x - 4 potions of heal wounds
 D - 3 potions of flight
 G - 7 potions of agility
 J - a potion of ambrosia
 M - 2 potions of berserk rage
 U - a potion of magic
Comestibles
 L - 34 rations


   Skills:
 + Level 11.3 Fighting
 - Level 14.3 Short Blades
 - Level 1.5 Armour
 + Level 11.5 Dodging
 - Level 6.0 Stealth
 - Level 5.6 Shields
 - Level 16.0 Evocations


You had 13 spell levels left.
You didn't know any spells.
Your spell library was empty.

Dungeon Overview and Level Annotations

Branches:
Dungeon (9/15)             Temple (0/1) D:4            Lair (6/6) D:9
  Swamp (0/4) Lair:4       Spider (0/4) Lair:3
  Slime: Lair:5-6       Orc: D:9-12

Altars:
Cheibriados
Elyvilon
Fedhas
Gozag
Kikubaaqudgha
Nemelex Xobeh
Sif Muna
Vehumet
Wu Jian
Zin
The Shining One

Shops:
D:7 %   D:9 ?

Annotations:
Lair:6 1 runed door, exclusion: oklob plant, Nessos, Snorg


Innate Abilities, Weirdness & Mutations

You are small and have problems with some larger weapons.
You are carnivorous and can eat meat at any time.


Message History

The arrow burns you.
The yak bellows!
You hear a bellow!
The yak gores you! The basilisk gazes at you.
A yak comes into view.
Nessos shoots an arrow.
The arrow hits you!! The arrow burns you! The yak gores you.
The basilisk bites you!!
* * * LOW HITPOINT WARNING * * *
The yak gores you!
* * * LOW HITPOINT WARNING * * *
The yak gores you but does no damage.
Nessos shoots an arrow.
The arrow hits you!!
* * * LOW HITPOINT WARNING * * *
The arrow burns you.
* * * LOW HITPOINT WARNING * * *
The yak gores you.
* * * LOW HITPOINT WARNING * * *
The basilisk bites you. The yak gores you but does no damage.
The yak gores you!
You die...

##.......PP# ## ........
##......PP###.# ####
.......† #.......P.#..#
##...# ........
##..........###.<....
....:...
###.P......P........
........
###...............
#....... ..#...........#
#....###
#.........Y.YY.## ##.## #
............Y.YY@P.## ##
Y...............l...##
..........#P#........##
Y......#.######....c..###
.......### ##......#P#
...#.P# #.........##
#.##.......#
####.......###
#.........##


You could see Nessos, 6 yaks and a basilisk.

Vanquished Creatures
  Gastronok (D:9)
  2 hydras
  2 catoblepae
  Erica (Lair:1)
  3 two-headed ogres (D:9)
  10 death yaks
  2 lindwurms (Lair:6)
  7 elephants
  2 black mambas (Lair:6)
  6 torpor snails (Lair:6)
  The ghost of iamserjio the Nimble, a novice SpTm (D:5)
  8 spiny frogs
  4 komodo dragons
  2 rime drakes
  2 polar bears
  7 hornets (Lair:6)
  3 tyrant leeches (Lair:6)
  8 blink frogs
  6 hippogriffs
  A vampire (D:9)
  A spriggan (D:7)
  A redback (Lair:3)
  A wyvern (Lair:4)
  30 yaks
  4 fire bats (Lair:2)
  A basilisk (Lair:2)
  A hungry ghost (D:8)
  An acid dragon (Lair:6)
  7 water moccasins
  4 porcupines
  A phantom (D:9)
  An ice beast (D:9)
  2 sky beasts
  A hornet zombie (D:6)
  A swamp drake (Lair:6)
  4 ogres
  5 wolves (Lair:1)
  3 centaurs
  6 crocodiles
  2 big kobolds (D:8)
  13 bullfrogs
  7 scorpions
  A howler monkey (D:7)
  A crimson imp (D:9)
  A bullfrog zombie (D:9)
  An orc priest (D:8)
  2 centaur skeletons
  A hound (D:5)
  A jelly (D:8)
  A quasit (D:8)
  A gnoll shaman (D:8)
  A bullfrog skeleton (D:6)
  Jessica (D:3)
  An iguana (D:9)
  4 orc wizards
  9 worker ants
  A hound skeleton (D:9)
  A howler monkey skeleton (D:4)
  9 gnolls
  12 adders
  3 shadow imps
  2 oozes
  2 adder zombies
  3 adder skeletons
  A dart slug (D:1)
  6 leopard geckos
  12 orcs
  7 bats
  5 giant cockroaches
  3 goblins
  4 hobgoblins
  20 jackals
  16 kobolds
  3 quokkas
  3 frilled lizards
  2 jackal skeletons
  5 rats
321 creatures vanquished.

Vanquished Creatures (others)
  4 fungi
  25 plants
29 creatures vanquished.

Grand Total: 350 creatures vanquished

Notes
Turn   | Place    | Note
-------+----------+-------------------------------------------
     0 | D:1      | MisterFreud the Kobold Berserker began the quest for the Orb.
     0 | D:1      | Reached XP level 1. HP: 14/14 MP: 1/1
   339 | D:1      | Reached skill level 1 in Stealth
   342 | D:1      | Reached XP level 2. HP: 19/19 MP: 2/2
   485 | D:1      | Reached XP level 3. HP: 20/23 MP: 3/3
  1087 | D:2      | Reached skill level 5 in Short Blades
  1119 | D:2      | Reached ** piety under Trog
  1524 | D:3      | Reached XP level 4. HP: 28/28 MP: 4/4
  2141 | D:3      | Reached XP level 5. HP: 32/32 MP: 5/5
  2170 | D:3      | Noticed Jessica
  2184 | D:3      | Killed Jessica
  2434 | D:3      | Found a white marble altar of Elyvilon.
  2527 | D:3      | Noticed a bullfrog
  2537 | D:3      | Killed a bullfrog
  2537 | D:3      | Reached skill level 5 in Stealth
  2537 | D:3      | Reached XP level 6. HP: 37/37 MP: 6/6
  2765 | D:4      | Found a glowing silver altar of Zin.
  2816 | D:4      | Found a snail-covered altar of Cheibriados.
  2865 | D:4      | Found a sparkling altar of Nemelex Xobeh.
  3063 | D:4      | Reached XP level 7. HP: 41/41 MP: 7/7
  3125 | D:4      | Found an ornate altar of the Wu Jian Council.
  3345 | D:4      | Found a staircase to the Ecumenical Temple.
  3598 | D:5      | Entered Level 5 of the Dungeon
  3599 | D:5      | Found a glowing golden altar of the Shining One.
  4099 | D:5      | Reached *** piety under Trog
  4164 | D:5      | Noticed iamserjio's ghost (novice SpTm)
  4204 | D:5      | Killed iamserjio's ghost
  4204 | D:5      | Reached XP level 8. HP: 46/46 MP: 8/8
  5261 | D:6      | Reached XP level 9. HP: 53/53 MP: 9/9
  5312 | D:6      | Got an iridescent rapier
  5313 | D:6      | Identified the +7 rapier of Errar {drain, rF+} (You found it on level 6 of the Dungeon)
  5483 | D:7      | Found Aclekhlou's Food Shoppe.
  5509 | D:7      | Reached skill level 5 in Fighting
  5543 | D:7      | Reached skill level 5 in Dodging
  5681 | D:7      | Found an opulent altar of Gozag.
  5828 | D:7      | Found a deep blue altar of Sif Muna.
  5829 | D:7      | Found an ancient bone altar of Kikubaaqudgha.
  5829 | D:7      | Found a radiant altar of Vehumet.
  6014 | D:7      | Reached skill level 1 in Evocations
  6145 | D:7      | Reached **** piety under Trog
  6145 | D:7      | Reached skill level 2 in Evocations
  6330 | D:8      | Reached skill level 3 in Evocations
  6443 | D:8      | Reached skill level 4 in Evocations
  6553 | D:8      | Reached XP level 10. HP: 60/60 MP: 13/13
  6704 | D:8      | Found a blossoming altar of Fedhas.
  6851 | D:8      | Reached skill level 5 in Evocations
  7072 | D:9      | Reached skill level 6 in Evocations
  7125 | D:9      | Noticed a two-headed ogre
  7134 | D:9      | Killed a two-headed ogre
  7209 | D:9      | Reached ***** piety under Trog
  7251 | D:9      | Noticed a two-headed ogre
  7274 | D:9      | Killed a two-headed ogre
  7274 | D:9      | Reached skill level 7 in Evocations
  7333 | D:9      | Found a staircase to the Lair.
  7334 | D:9      | Noticed a komodo dragon
  7364 | D:9      | Noticed a two-headed ogre
  7377 | D:9      | Killed a two-headed ogre
  7377 | D:9      | Reached XP level 11. HP: 67/67 MP: 16/16
  7535 | D:9      | Reached skill level 8 in Evocations
  7721 | D:9      | Noticed Gastronok
  7734 | D:9      | Killed Gastronok
  7825 | D:9      | Found Kake's Magic Scroll Boutique.
  7828 | D:9      | Bought a scroll of blinking for 120 gold pieces
  7828 | D:9      | Bought a scroll of teleportation for 48 gold pieces
  7828 | D:9      | Bought a scroll of identify for 32 gold pieces
  7828 | D:9      | Bought a scroll of identify for 32 gold pieces
  7828 | D:9      | Bought a scroll of identify for 32 gold pieces
  7828 | D:9      | Bought a scroll of identify for 32 gold pieces
  7828 | D:9      | Bought a scroll of identify for 32 gold pieces
  7898 | Lair:1   | Entered Level 1 of the Lair of Beasts
  7934 | Lair:1   | Reached skill level 9 in Evocations
  7937 | Lair:1   | Got a pair of twisted gloves
  7948 | Lair:1   | Identified the +2 pair of gloves "Voosk" {+Inv MR- MP+9} (You found it on level 1 of the Lair of Beasts)
  8054 | Lair:1   | Noticed Erica
  8088 | Lair:1   | Killed Erica
  8785 | Lair:2   | Noticed a death yak
  8785 | Lair:2   | Noticed a death yak
  8786 | Lair:2   | Noticed a death yak
  8802 | Lair:2   | Noticed a death yak
  8857 | Lair:2   | Received a gift from Trog
  8877 | Lair:2   | Killed a death yak
  8877 | Lair:2   | Reached XP level 12. HP: 76/76 MP: 19/19
  8882 | Lair:2   | Killed a death yak
  8882 | Lair:2   | Reached skill level 10 in Dodging
  8882 | Lair:2   | Reached skill level 10 in Evocations
  8896 | Lair:2   | Killed a death yak
  8897 | Lair:2   | Killed a death yak
  8897 | Lair:2   | Reached skill level 10 in Fighting
  9014 | Lair:2   | Reached skill level 11 in Evocations
  9452 | Lair:3   | Found a hole to the Spider Nest.
  9464 | Lair:3   | Reached skill level 12 in Evocations
 10257 | Lair:3   | Reached skill level 13 in Evocations
 10651 | Lair:4   | Noticed a five-headed hydra
 10676 | Lair:4   | Killed a five-headed hydra
 10676 | Lair:4   | Reached XP level 13. HP: 82/82 MP: 23/23
 10684 | Lair:4   | Reached skill level 14 in Evocations
 11200 | Lair:4   | Reached skill level 15 in Evocations
 11209 | Lair:4   | Reached skill level 1 in Shields
 11367 | Lair:4   | Found a staircase to the Swamp.
 12248 | Lair:5   | Noticed a catoblepas
 12278 | Lair:5   | Killed a catoblepas
 12610 | Lair:5   | Reached skill level 5 in Shields
 13179 | Lair:6   | Entered Level 6 of the Lair of Beasts
 13433 | Lair:6   | Noticed a five-headed hydra
 13647 | Lair:6   | Noticed Snorg
 13717 | Lair:6   | Noticed a catoblepas
 13730 | Lair:6   | Killed a catoblepas
 13730 | Lair:6   | Received a gift from Trog
 13730 | Lair:6   | Reached XP level 14. HP: 88/88 MP: 25/25
 14051 | Lair:6   | Found a runed door.
 14091 | Lair:6   | Paralysed by a hornet for 2 turns
 14422 | Lair:6   | Reached skill level 16 in Evocations
 14648 | Lair:6   | Noticed Nessos
 14653 | Lair:6   | Slain by a yak

Vault maps used:
D:1:      minmay_arrival_hallway
D:2:      serial_bayou_pond_c
D:3:      lemuel_round_altar, uniq_jessica
D:4:      nicolae_overflow_hidden_temple, nemelex_xobeh_ov_fountains_minmay,
          lemuel_round_altar, nicolae_overflow_crystal_walls,
          lemuel_temple_firewalk_b, first_ration
D:5:      lemuel_crystal_altar
D:6:      cheibrodos_quashed
D:7:      grunt_temple_overflow_magic_moments, serial_shops, shop_fountains,
          the_bakery, nicolae_gozag_cash_rules_everything_around_me
D:8:      fedhas_altar_decomposition
D:9:      david_lair_shrubbed, serial_shops, kennysheep_mini, uniq_gastronok
Lair:1:   small_statue_intersection, uniq_erica
Lair:3:   spider_nest_entry_a
Lair:4:   swamp_mist, kennysheep_catoblepas_arena
Lair:5:   nicolae_lair_yak_garden
Lair:6:   guppyfry_lair_end_dragon, wormcave, minmay_slime_entry_oklob_open,
          uniq_snorg, uniq_nessos

Skill      XL: |  1  2  3  4  5  6  7  8  9 10 11 12 13 14 |
---------------+-------------------------------------------+-----
Stealth        | 1 2 3 4 5 6 |  6.0
Short Blades   | 5 6 7 11 12 14 | 14.3
Fighting       | 4 6 7 9 10 11 | 11.3
Dodging        | 4 6 7 9 10 11 | 11.5
Evocations     | 4 7 9 13 15 16 | 16.0
Shields        | 5 |  5.6
Armour         | |  1.5

Action                   |  1- 3 |  4- 6 |  7- 9 | 10-12 | 13-15 || total
-------------------------+-------+-------+-------+-------+-------++-------
Melee: Short sword       |   100 |   193 |   230 |       |       ||   523
       Rapier            |       |       |   121 |   473 |   579 ||  1173
 Fire: Hunting sling     |       |     2 |       |       |       ||     2
Invok: Berserk           |     3 |     2 |     3 |     7 |     7 ||    22
 Abil: Evoke Invisibilit |       |       |       |       |     2 ||     2
Evoke: Wand              |       |       |       |     1 |     2 ||     3
  Use: Scroll            |       |       |    11 |    14 |     2 ||    27
       Potion            |       |       |       |     1 |     1 ||     2
 Stab: Sleeping          |     4 |     3 |    13 |     8 |     9 ||    37
       Distracted        |       |       |     1 |     1 |       ||     2
       Invisible         |       |       |       |       |     9 ||     9
  Eat: Chunk             |    12 |     8 |    14 |    20 |    23 ||    77
Armor: Animal skin       |    19 |     9 |       |       |       ||    28
       Robe              |       |    22 |    63 |    79 |    68 ||   232
Dodge: Dodged            |    73 |   129 |   147 |   253 |   237 ||   839
Block: Buckler           |       |       |       |       |    50 ||    50

Table legend:
 A = Spawn XP
 B = Non-spawn XP
 C = Spawn XP percentage of total XP
 D = Spawn monster count
 E = Non-spawn monster count
 F = Spawn count percentage of total count
 G = Total turns spent on level
                    A         B        C        D         E        F      G
               +---------+---------+-------+---------+---------+-------+---------
         Total |       0 |   55830 |   0.0 |       0 |     321 |   0.0 | 14653
               +---------+---------+-------+---------+---------+-------+---------
           D:1 |       0 |      49 |   0.0 |       0 |      24 |   0.0 |  1064
           D:2 |       0 |      11 |   0.0 |       0 |       7 |   0.0 |   447
           D:3 |       0 |     225 |   0.0 |       0 |      23 |   0.0 |  1220
           D:4 |       0 |     335 |   0.0 |       0 |      16 |   0.0 |   867
           D:5 |       0 |     855 |   0.0 |       0 |      18 |   0.0 |  1083
           D:6 |       0 |     508 |   0.0 |       0 |      14 |   0.0 |   774
           D:7 |       0 |    1423 |   0.0 |       0 |      30 |   0.0 |   851
           D:8 |       0 |    1313 |   0.0 |       0 |      34 |   0.0 |   758
           D:9 |       0 |    7006 |   0.0 |       0 |      24 |   0.0 |   834
        Lair:1 |       0 |    2570 |   0.0 |       0 |      11 |   0.0 |   723
        Lair:2 |       0 |    6665 |   0.0 |       0 |      20 |   0.0 |   808
        Lair:3 |       0 |    4991 |   0.0 |       0 |      18 |   0.0 |  1199
        Lair:4 |       0 |    8811 |   0.0 |       0 |      21 |   0.0 |  1316
        Lair:5 |       0 |    7040 |   0.0 |       0 |      22 |   0.0 |  1381
        Lair:6 |       0 |   14028 |   0.0 |       0 |      39 |   0.0 |  1328
               +---------+---------+-------+---------+---------+-------+---------
